 Dungeon Crawl Stone Soup version 0.28.0-53-g5a82cb258f (webtiles) character file.

Game seed: 18253616608592670002

14152 firemarshallily the Summoner (level 12, -1/108 HPs)
             Began as a Merfolk Summoner on May 30, 2022.
             Was a High Priest of Hepliaklqana.
             Slain by a vampire mosquito (6 damage)
             ... on level 12 of the Dungeon on May 31, 2022.
             The game lasted 01:23:00 (11738 turns).

firemarshallily the Summoner (Merfolk Summoner)    Turns: 11738, Time: 01:23:01

Health: -1/108     AC: 26    Str:  8    XL:     12   Next: 13%
Magic:  23/27      EV:  2    Int: 20    God:    Hepliaklqana [*****.]
Gold:   199        SH:  5    Dex: 16    Spells: 19/33 levels left

rFire   . . .      SeeInvis +   F - +6 spear (freeze)
rCold   . . .      Faith    .   K - +0 buckler
rNeg    . . .      Spirit   .   (armour currently unavailable)
rPois   +          Reflect  .   (helmet currently unavailable)
rElec   .          Harm     .   (cloak currently unavailable)
rCorr   .          Rampage  .   (gloves currently unavailable)
Will    .....      NoTele   +   (boots currently unavailable)
Stlth   +.........              E - amulet of regeneration
HPRegen 1.08/turn               f - ring of see invisible
MPRegen 0.20/turn               (no ring)

@: on fire, tree-form, glowing
A: stationary, stasis, torment immunity, boosted hp, reduced essence, (nimble
swimmer 2), (mertail), agile 1
a: Renounce Religion, Recall Ancestor, Ancestor Identity, Transference, Idealise


You were on level 12 of the Dungeon.
You worshipped Hepliaklqana.
Hepliaklqana was extremely pleased with you.
You were a tree.
You visited 1 branch of the dungeon, and saw 12 of its levels.

You collected 551 gold pieces.
You spent 352 gold pieces at shops.

Inventory:

Hand Weapons
 F - a +6 spear of freezing (weapon)
Missiles
 b - 3 boomerangs
 c - 330 stones
 e - 62 poisoned darts (quivered)
 w - a curare-tipped dart
Armour
 a - a +0 robe (melded)
 h - +0 acid dragon scales
 k - a +0 pair of boots (melded)
 r - a +0 pair of gloves (melded)
 s - a +1 cloak (melded)
 x - a +1 helmet (melded)
 G - a +1 hat
 I - a +0 troll leather armour
 J - the +1 scale mail of Courage {Str+5}
   (You found it on level 11 of the Dungeon)

   Str:       It affects your strength (+5).
 K - a +0 buckler (worn)
 P - the +2 pair of gloves of Immorality {rN+ rCorr Dex-2}
   (You bought it in a shop on level 12 of the Dungeon)

   Dex:       It affects your dexterity (-2).
   rN:        It protects you from negative energy.
   rCorr:     It protects you from acid and corrosion.
Jewellery
 f - a ring of see invisible (left branch)
 E - an amulet of regeneration (around neck)
 H - a ring of ice
 O - a ring of fire
Wands
 q - a wand of flame (13)
 t - a wand of digging (2)
 y - a wand of polymorph (1)
 D - a wand of iceblast (9)
Scrolls
 d - a scroll of amnesia
 j - 3 scrolls of vulnerability
 m - 5 scrolls of teleportation
 n - a scroll of fear
 p - 5 scrolls of identify
 z - a scroll of magic mapping
 L - a scroll of enchant weapon
 M - 2 scrolls of blinking
Potions
 i - a potion of resistance
 l - 3 potions of ambrosia
 o - a potion of curing
 u - 2 potions of flight
 v - 2 potions of brilliance {unknown}
 A - 3 potions of haste
 B - a potion of lignification
 C - 2 potions of magic


   Skills:
 - Level 3.0 Fighting
 + Level 9.4 Polearms
 - Level 3.0 Dodging
 - Level 2.1 Stealth
 + Level 2.3 Shields
 * Level 11.4 Spellcasting
 * Level 12.9 Summonings
 - Level 3.0 Air Magic


You had 19 spell levels left.
You knew the following spells:

 Your Spells              Type           Power      Damage    Failure   Level
a - Summon Small Mammal   Summ           100%       N/A       1%          1
b - Call Imp              Summ           58%        N/A       1%          2
c - Call Canine Familiar  Summ           58%        N/A       1%          3
d - Summon Guardian Gole  Hex/Summ       37%        N/A       1%          3
e - Summon Lightning Spi  Summ/Air       43%        N/A       3%          4
f - Animate Skeleton      Necr           22%        N/A       8%          1

Your spell library contained the following spells:

 Spells                   Type           Power      Damage    Failure   Level
 Static Discharge         Conj/Air       17%        N/A       6%          2
 Apportation              Tloc           22%        N/A       8%          1
 Pain                     Necr           44%        1d6       8%          1
 Portal Projectile        Hex/Tloc       22%        N/A       24%         3
 Vampiric Draining        Necr           11%        2d6       24%         3
 Cause Fear               Hex            5%         N/A       61%         4
 Leda's Liquefaction      Hex/Erth       5%         N/A       61%         4
 Lightning Bolt           Conj/Air       8%         1d21      75%         5
 Freezing Cloud           Conj/Ice/Air   7%         6-21      82%         5
 Simulacrum               Ice/Necr       5%         N/A       100%        6
 Dragon Form              Tmut           5%         N/A       100%        7
 Maxwell's Capacitive Co  Air            11%        ∞         100%        8
 Dragon's Call            Summ           29%        N/A       100%        9
 Polar Vortex             Ice            5%         N/A       100%        9


Dungeon Overview and Level Annotations

Branches:
Dungeon (12/15)            Temple (0/1) D:5            Lair (0/6) D:11
    Orc (0/2) D:11

Altars:
Hepliaklqana
Xom

Shops:
D:1 ?   D:8 (   D:9 *   D:12 [


Innate Abilities, Weirdness & Mutations

You are a tree.
Your roots penetrate the ground, keeping you stationary.
You cannot be teleported.
You are immune to unholy pain and torment.
Your maximum health is greatly increased.
Your equipment is partially melded.
Your life essence is reduced to manifest your ancestor. (-10% HP)
((You are very nimble when in or above water. (Stealth+, EV+, Speed+++)))
((Your lower body shifts to a powerful aquatic tail in water.))
You are agile. (Dex +2)


Message History

The vampire mosquito bites you but does no damage.
Your wolf bites the deep elf pyromancer.
You puncture the vampire mosquito! You freeze the vampire mosquito.
The vampire mosquito is almost destroyed.
You block the vampire mosquito's attack.
The deep elf pyromancer casts a spell at you.
The sticky flame misses your quokka.
The sticky flame hits you but does no damage.
You are covered in liquid flames!
Maria gestures at the deep elf pyromancer while chanting.
The deep elf pyromancer easily resists.
The vampire mosquito bites you but does no damage.
Your wolf barely misses the deep elf pyromancer.
Your rat barely misses the vampire mosquito.
Your crimson imp closely misses the deep elf pyromancer.
Your quokka barely misses the vampire mosquito.
You hit the vampire mosquito. You freeze the vampire mosquito.
You destroy the vampire mosquito!
You are covered in liquid flames!
* * * LOW HITPOINT WARNING * * *
You block the vampire mosquito's attack.
Your wolf bites the deep elf pyromancer!
The deep elf pyromancer points at you and mumbles some strange words.
The bolt of fire hits your quokka!
Your quokka dies!
Your quokka's corpse disappears in a puff of smoke!
The bolt of fire hits you!
* * * LOW HITPOINT WARNING * * *
Maria hits the deep elf pyromancer with a +0 dagger of draining!
You feel better.
You are covered in liquid flames!
* * * LOW HITPOINT WARNING * * *
The vampire mosquito bites you.
* * * LOW HITPOINT WARNING * * *
The vampire mosquito draws strength from your injuries!
Your wolf bites the deep elf pyromancer!
The deep elf pyromancer dies!
Your crimson imp blinks!
The vampire mosquito bites you.
You die...

....# #'### #.# ###
..# ..# .##
#######.## '#####
#........# .....#
#5.......#
.....######....y...#
....e##.†...§R.§♣.<#
....5R.§###.h).r...#
....§#### #........#
#+#### #####.####
#.# ##..# ..# #.>##
.# #.## ###### #.#
.....########'######


You could see the friendly Maria the hexer, a vampire mosquito (ally target), a
friendly wolf (summoned), a friendly crimson imp (summoned) and a friendly rat
(summoned).

Vanquished Creatures
  A hydra (D:12)
  A troll (D:11)
  A slime creature (D:12)
  5 yaks
  5 vampire mosquitoes
  An orc warrior (D:7)
  2 centaurs (D:11)
  A kobold brigand (D:7)
  A bullfrog (D:7)
  3 killer bees
  A wight (D:6)
  An orc priest (D:7)
  2 jellies
  A hound (D:4)
  An iguana (D:4)
  3 orc wizards
  2 hexers
  A howler monkey skeleton (D:5)
  4 adders
  An adder skeleton (D:4)
  A dart slug (D:2)
  7 orcs
  2 endoplasms
  4 goblins
  A hobgoblin (D:4)
  A quokka (D:1)
  A ball python (D:4)
  A bat (D:2)
  A frilled lizard (D:3)
  7 kobolds
  4 rats
  A toadstool (D:12)
69 creatures vanquished.

Vanquished Creatures (collateral kills)
  4 two-headed ogres
  An ugly thing (D:10)
  2 cyclopes (D:11)
  A deep elf pyromancer (D:12)
  A gargoyle (D:10)
  Maggie (D:6)
  A kobold demonologist (D:5)
  2 trolls
  Grinder (D:3)
  8 yaks
  3 vampires
  A steam dragon (D:9)
  5 vampire mosquitoes
  An acid dragon (D:10)
  A water moccasin (D:6)
  An orc warrior (D:11)
  3 ice beasts (D:6)
  A sky beast (D:5)
  An ogre (D:7)
  6 centaurs
  2 phantoms
  5 kobold brigands
  A gnoll sergeant (D:8)
  A scorpion (D:6)
  2 bullfrogs
  2 wyvern zombies
  A water moccasin zombie (D:7)
  A water moccasin skeleton (D:6)
  5 killer bees
  3 wights (D:6)
  4 howler monkeys
  A bullfrog zombie (D:6)
  4 centaur zombies
  A centaur skeleton (D:5)
  2 hounds
  An orc priest (D:7)
  2 iguanas
  2 orc wizards
  A killer bee zombie (D:4)
  2 howler monkey zombies
  4 gnolls
  7 adders
  A dart slug (D:3)
  24 orcs
  4 endoplasms
  A giant cockroach (D:4)
  4 goblins
  5 hobgoblins
  2 quokkas
  2 ball pythons (D:1)
  25 kobolds
  A quokka skeleton (D:4)
  3 rats (D:1)
  A bush (D:3)
  A toadstool (D:12)
173 creatures vanquished.

Vanquished Creatures (others)
  21 hexers
  An ancestor (D:3)
  11 fungi (D:12)
  70 plants
  3 toadstools (D:12)
106 creatures vanquished.

Grand Total: 348 creatures vanquished

Notes
Turn   | Place    | Note
-------+----------+-------------------------------------------
     0 | D:1      | firemarshallily the Merfolk Summoner began the quest for
                  | the Orb.
     0 | D:1      | Reached XP level 1. HP: 13/13 MP: 3/3
   228 | D:1      | Found Yfeuqeme's Magic Scroll Shop.
   506 | D:1      | Reached XP level 2. HP: 14/19 MP: 1/5
   512 | D:1      | Learned a level 2 spell: Call Imp
   999 | D:2      | Found a hazy altar of Hepliaklqana.
  1014 | D:2      | Became a worshipper of Hepliaklqana the Forgotten
  1093 | D:2      | Reached XP level 3. HP: 24/24 MP: 3/6
  1157 | D:2      | Reached skill level 1 in Polearms
  1525 | D:3      | Noticed Grinder
  1659 | D:3      | Reached * piety under Hepliaklqana
  1722 | D:3      | Reached XP level 4. HP: 25/27 MP: 4/8
  1844 | D:3      | Killed Grinder
  1845 | D:3      | Reached skill level 5 in Summonings
  1845 | D:3      | Reached XP level 5. HP: 5/31 MP: 4/10
  1845 | D:3      | Reached XP level 6. HP: 6/36 MP: 4/11
  3032 | D:4      | Reached skill level 1 in Fighting
  3233 | D:4      | Reached skill level 6 in Summonings
  3360 | D:4      | Reached XP level 7. HP: 40/43 MP: 10/13
  3671 | D:4      | Reached ** piety under Hepliaklqana
  3672 | D:4      | Remembered your ancestor Maria as a hexer
  3747 | D:5      | Entered Level 5 of the Dungeon
  3786 | D:5      | Found a shimmering altar of Xom.
  3835 | D:5      | Learned a level 3 spell: Call Canine Familiar
  4020 | D:5      | Reached skill level 5 in Spellcasting
  4147 | D:5      | Found a staircase to the Ecumenical Temple.
  4162 | D:5      | Noticed a kobold demonologist
  4193 | D:5      | Killed a kobold demonologist
  4194 | D:5      | Reached skill level 7 in Summonings
  4194 | D:5      | Reached XP level 8. HP: 41/52 MP: 5/16
  4815 | D:6      | Reached skill level 8 in Summonings
  5462 | D:6      | Reached XP level 9. HP: 56/56 MP: 17/19
  5634 | D:6      | Noticed Maggie
  5648 | D:6      | Killed Maggie
  5649 | D:6      | Reached skill level 9 in Summonings
  5785 | D:6      | Reached *** piety under Hepliaklqana
  6134 | D:6      | Gained mutation: You are agile. (Dex +2) [potion of
                  | mutation]
  6785 | D:7      | Learned a level 3 spell: Summon Guardian Golem
  6790 | D:7      | Learned a level 4 spell: Summon Lightning Spire
  7177 | D:8      | Found Gigenn's Antique Weapon Shop.
  7193 | D:8      | Reached skill level 10 in Summonings
  7267 | D:8      | Learned a level 1 spell: Animate Skeleton
  7635 | D:8      | Reached **** piety under Hepliaklqana
  7693 | D:8      | Reached XP level 10. HP: 51/63 MP: 17/22
  7968 | D:9      | Reached skill level 5 in Polearms
  7971 | D:9      | Reached skill level 1 in Air Magic
  8150 | D:9      | Noticed a two-headed ogre
  8171 | D:9      | Killed a two-headed ogre
  8420 | D:9      | Found Guulur's Assorted Antiques.
  8420 | D:9      | Noticed a skeletal warrior
  8420 | D:9      | Noticed a skeletal warrior
  8420 | D:9      | Noticed a skeletal warrior
  8420 | D:9      | Noticed a skeletal warrior
  8420 | D:9      | Noticed a skeletal warrior
  8464 | D:10     | Entered Level 10 of the Dungeon
  8486 | D:10     | Noticed a two-headed ogre
  8499 | D:10     | Killed a two-headed ogre
  8548 | D:10     | Reached skill level 11 in Summonings
  8581 | D:10     | Noticed a gargoyle
  8602 | D:10     | Killed a gargoyle
  8946 | D:10     | Reached XP level 11. HP: 62/67 MP: 14/24
  8958 | D:10     | Reached skill level 10 in Spellcasting
  9006 | D:10     | Noticed a red ugly thing
  9039 | D:10     | Killed a red ugly thing
  9895 | D:11     | Noticed a cyclops
  9959 | D:11     | Killed a cyclops
  9960 | D:11     | Reached skill level 12 in Summonings
 10087 | D:11     | Found a staircase to the Orcish Mines.
 10356 | D:11     | Noticed a cyclops
 10367 | D:11     | Killed a cyclops
 10410 | D:11     | Identified the +1 scale mail of Courage {Str+5}
 10520 | D:11     | Found a staircase to the Lair.
 10572 | D:11     | Noticed a two-headed ogre
 10588 | D:11     | Killed a two-headed ogre
 10854 | D:11     | Noticed a two-headed ogre
 10871 | D:11     | Killed a two-headed ogre
 10924 | D:11     | Reached ***** piety under Hepliaklqana
 11011 | D:11     | Reached skill level 1 in Shields
 11461 | D:12     | Noticed a five-headed hydra
 11470 | D:12     | Killed a five-headed hydra
 11471 | D:12     | Reached XP level 12. HP: 72/72 MP: 24/27
 11490 | D:12     | Found Fytih's Armour Emporium.
 11504 | D:12     | Bought the +2 pair of gloves of Immorality {rN+ rCorr
                  | Dex-2} for 352 gold pieces
 11720 | D:12     | Identified a scroll of acquirement
 11720 | D:12     | Acquired a +1 helmet of intelligence
 11738 | D:12     | HP: 5/108 [vampire mosquito (6)]
 11738 | D:12     | Slain by a vampire mosquito

Illustrated notes

Levels and vault maps discovered:
D:1:      evilmike_arrival_rings, layout_rooms, serial_shops,
          nicolae_square_shop, minmay_tromino_i4
D:2:      layout_basic, basic_altar
D:3:      layout_rooms, serial_forest, infiniplex_forest_straight_2,
          infiniplex_forest_split, infiniplex_forest_straight_3,
          infiniplex_forest_lined_4_way, infiniplex_forest_clump_large,
          minivault_24, uniq_grinder
D:4:      layout_basic
D:5:      layout_rooms, mainiacjoe_overflow_catwalk, minmay_temple_entry_hall
D:6:      kennysheep_kobold_camp, layout_loops_ring, st_stairs_3,
          kennysheep_flooded_box, minmay_bent, uniq_maggie
D:7:      layout_loops_ring, minivault_19, kennysheep_dice
D:8:      layout_basic, serial_corexii_hall, corexii_hall_statues_i,
          corexii_hall_statues_x, serial_shops, nicolae_square_shop,
          corexii_hall_statues_deadend
D:9:      layout_roguey, serial_shops, shop, uniq_erolcha
D:10:     layout_basic, blue_anna_alchemist
D:11:     layout_loops_corners, lair_entry_dummy, david_orc_2
D:12:     layout_roguey, serial_shops, nicolae_shop_advertising_works
          [nicolae_subvault_shop_adworks], minmay_gold_behind_fungi,
          minmay_misc_feat_encased, nicolae_shop_gadgets

Skill      XL: |  1  2  3  4  5  6  7  8  9 10 11 12 |
---------------+-------------------------------------+-----
Dodging        | 3 |  3.0
Polearms       | 1 3 4 6 9 |  9.4
Spellcasting   | 3 4 5 6 8 9 11 | 11.4
Summonings     | 5 6 7 8 10 11 12 | 12.9
Fighting       | 1 3 |  3.0
Air Magic      | 2 3 |  3.0
Shields        | 1 2 |  2.3
Stealth        | |  2.1

Action                   |  1- 3 |  4- 6 |  7- 9 | 10-12 || total
-------------------------+-------+-------+-------+-------++-------
Melee: Unarmed           |    15 |       |       |       ||    15
       Spear             |    38 |   138 |   205 |   184 ||   565
       Punch             |       |     4 |     1 |     2 ||     7
Throw: Dart              |       |     1 |       |     2 ||     3
 Cast: Summon Small Mamm |    28 |    14 |    57 |    57 ||   156
       Call Imp          |    14 |     8 |    27 |    33 ||    82
       Call Canine Famil |       |       |    37 |    43 ||    80
       Summon Lightning  |       |       |       |     5 ||     5
       Animate Skeleton  |       |       |       |     2 ||     2
Invok: Ancestor Identity |     1 |       |       |       ||     1
       Ancestor Life: He |       |       |     1 |       ||     1
       Recall Ancestor   |       |       |     1 |     3 ||     4
  Use: Scroll            |       |       |    19 |     7 ||    26
       Potion            |       |       |     2 |     5 ||     7
 Stab: Distracted        |     1 |     4 |     4 |     2 ||    11
       Sleeping          |       |     1 |     1 |       ||     2
       Confused          |       |       |       |     3 ||     3
Armor: Robe              |    12 |     7 |    29 |    42 ||    90
       Skin              |       |       |       |    44 ||    44
Dodge: Dodged            |    34 |    43 |    77 |    76 ||   230
Block: Buckler           |       |       |       |    13 ||    13
